 Dungeon Crawl Stone Soup version 0.32-a0-126-g9fbf7fb75a (webtiles) character file.

Game seed: 10506091963647431656

2042 Ge0ff the Shooter (level 9, -1/71 HPs)
             Began as a Mummy Artificer on Feb 7, 2024.
             Slain by a phantom (5 damage)
             ... on level 6 of the Dungeon.
             The game lasted 00:10:04 (7258 turns).

Ge0ff the Shooter (Mummy Artificer)                 Turns: 7258, Time: 00:10:05

Health: -1/71      AC:  5    Str: 15    XL:     9   Next: 4%
Magic:  9/9        EV: 11    Int: 10    God:
Gold:   873        SH:  0    Dex: 17    Spells: 8/8 levels left

rFire   . . .        a - +0 orcbow
rCold   . . .        (shield currently unavailable)
rNeg    + + +        G - +0 leather armour
rPois   ∞            s - +1 helmet
rElec   .            (no cloak)
rCorr   .            (no gloves)
SInv    .            (no boots)
Will    +....        V - amulet of the acrobat
Stlth   ++           U - ring of fire
HPRegen 0.31/turn    (no ring)
MPRegen 0.11/turn

%: acrobat, faith
@: no status effects
A: cold resistance 1, negative energy resistance 3, torment resistance 2, heat
vulnerability 1, in touch with death 1, no potions, faith
a: no special abilities


You were on level 6 of the Dungeon.
You visited 2 branches of the dungeon, and saw 7 of its levels.

You collected 873 gold pieces.

Inventory:

Hand Weapons
 a - a +0 orcbow (weapon)
 b - a +2 dagger of speed
 W - a +0 whip of electrocution
Missiles
 n - 51 stones
 o - 16 poisoned darts
 v - 3 curare-tipped darts {=F}
Armour
 s - a +1 helmet (worn)
 t - a +0 scale mail
 G - a +0 leather armour (worn)
Jewellery
 x - a ring of wizardry
 U - a ring of fire (left hand)
 V - an amulet of the acrobat (around neck)
Wands
 f - a wand of flame (3)
Scrolls
 i - 3 scrolls of identify
 m - a scroll of revelation
 E - a scroll of fear
 F - a scroll of fog
 T - a scroll of teleportation


   Skills:
 + Level 6.6 Fighting
 + Level 7.8 Ranged Weapons
 - Level 1.5 Armour
 - Level 0.7 Dodging
 - Level 2.0 Stealth
 - Level 3.0 Evocations


You had 8 spell levels left.
You didn't know any spells.
Your spell library contained the following spells:

 Spells                   Type           Power      Damage    Failure   Level
 Magic Dart               Conj           0%         1d3       43%         1
 Blink                    Tloc           0%         N/A       56%         2
 Call Imp                 Summ           0%         N/A       56%         2


Dungeon Overview and Level Annotations

Branches:
Dungeon (6/15) Zot: 25029  Temple (1/1) D:4 Zot: 5974

Altars:
Ashenzari
Cheibriados
Fedhas
Gozag
Kikubaaqudgha
Nemelex Xobeh
Qazlal
Ru
Sif Muna
Trog
Uskayaw
Wu Jian
Xom

Annotations:
D:4 3 runed translucent doors, 1 exclusion, Mousus6's ghost, novice OnFE


Innate Abilities, Weirdness & Mutations

You are immune to poison.
Your flesh is cold resistant. (rC+)
You are immune to negative energy. (rN+++)
You are immune to unholy pain and torment.
You are vulnerable to heat. (rF-)
You are in touch with the powers of death.
You do not drink.
You have a special connection with the divine. (Faith)


Message History

You shoot an arrow. The arrow hits the human!
The human is almost dead.
Fire: a) +0 orcbow
Press: ? - help, Q - select action, (/) - cycle Shift-Dir - straight line, f/p - human
Aim: a human, wielding a +0 sling and wearing a +0 animal skin (almost dead, 48% to hit)
You shoot an arrow.
The arrow hits the human but does no damage.
The human is almost dead.
The human unwields a +0 sling.
The human closely misses you.
Fire: a) +0 orcbow
Press: ? - help, Q - select action, (/) - cycle Shift-Dir - straight line, f/p - human
Aim: a human, wearing a +0 animal skin (almost dead, 48% to hit)
You shoot an arrow. The arrow hits the human!
You kill the human!
The phantom hits you.
* * * LOW HITPOINT WARNING * * *
You have reached level 9!
Your experience leads to an increase in your attributes!
Increase (S)trength, (I)ntelligence, or (D)exterity?
You feel agile. x2
Fire: a) +0 orcbow
Press: ? - help, Q - select action, (/) - cycle Shift-Dir - straight line, f - phantom
Aim: a phantom (heavily damaged, 50% to hit)
You shoot an arrow. The arrow hits the phantom!
The phantom is almost destroyed.
The phantom misses you.
Fire: a) +0 orcbow
Press: ? - help, Q - select action, (/) - cycle Shift-Dir - straight line, f/p - phantom
Aim: a phantom (almost destroyed, 50% to hit)
You shoot an arrow. The arrow barely misses the phantom.
The phantom closely misses you.
Fire: a) +0 orcbow
Press: ? - help, Q - select action, (/) - cycle Shift-Dir - straight line, f/p - phantom
Aim: a phantom (almost destroyed, 50% to hit)
You shoot an arrow. The arrow closely misses the phantom.
The phantom hits you.
* * * LOW HITPOINT WARNING * * *
The phantom blinks!
You blink.
Fire: a) +0 orcbow
Press: ? - help, Q - select action, (/) - cycle Shift-Dir - straight line, f/p - phantom
Aim: a phantom (almost destroyed, 50% to hit)
You shoot an arrow. The arrow closely misses the phantom.
The phantom hits you.
* * * LOW HITPOINT WARNING * * *
The phantom blinks!
You blink.
A human comes into view. It is wielding a +0 flail.
You shoot an arrow. The arrow closely misses the phantom.
The phantom barely misses you.
You shoot an arrow. The arrow misses the phantom.
The phantom hits you.
You die...

#. ## ####### .# #......
p.. #...... .... #......
..... #......
....p(##############......
....p.'..@W).....>......).
......###########.########
..... #.# # .... #.# # ###
#.# # #.# # #.# # #.# #
#.#


You could see 2 humans and a phantom.

Vanquished Creatures
  Sigmund (D:3)
  2 humans (D:6)
  A hornet zombie (D:6)
  2 centaurs
  An ogre (D:4)
  A phantom (D:4)
  2 kobold brigands (D:4)
  A gnoll sergeant (D:6)
  3 scorpions (D:5)
  2 water moccasin zombies (D:6)
  A wyvern skeleton (D:6)
  A howler monkey (D:5)
  2 bombardier beetles
  2 bullfrog zombies (D:6)
  2 jellies
  A human zombie (D:6)
  A hound (D:5)
  3 iguanas
  Terence (D:2)
  A howler monkey zombie (D:6)
  7 adders
  5 gnolls
  A shadow imp (D:6)
  2 white imps
  2 ufetubi (D:6)
  2 dart slugs
  5 orcs
  7 endoplasms
  A giant cockroach (D:3)
  2 goblins
  3 hobgoblins
  3 jackals (D:2)
  3 quokkas
  4 ball pythons
  4 bats
  5 frilled lizards
  12 kobolds
  2 rats
101 creatures vanquished.

Vanquished Creatures (collateral kills)
  An orc priest (D:6)
  A gnoll (D:2)
  2 orcs
  A giant cockroach (D:2)
  A kobold (D:3)
  A quokka (D:2)
  A bat (D:2)
8 creatures vanquished.

Vanquished Creatures (others)
  A scorpion (D:6)
  A gnoll (D:2)
  A kobold (D:4)
3 creatures vanquished.

Grand Total: 112 creatures vanquished

Notes
Turn   | Place    | Note
-------+----------+-------------------------------------------
     0 | D:1      | Ge0ff the Mummy Artificer began the quest for the Orb.
     0 | D:1      | Reached XP level 1. HP: 15/15 MP: 1/1
   462 | D:1      | Reached skill level 1 in Stealth
   655 | D:1      | Reached XP level 2. HP: 21/21 MP: 2/2
  1366 | D:2      | Noticed Terence
  1501 | D:2      | Reached XP level 3. HP: 27/27 MP: 3/3
  1874 | D:2      | Killed Terence
  1875 | D:2      | Reached XP level 4. HP: 35/35 MP: 4/4
  2196 | D:3      | Found a shimmering altar of Xom.
  2336 | D:3      | Found a snail-covered altar of Cheibriados.
  2355 | D:3      | Reached skill level 1 in Ranged Weapons
  2370 | D:3      | Noticed Sigmund
  2498 | D:3      | Killed Sigmund
  2499 | D:3      | Reached skill level 3 in Ranged Weapons
  2499 | D:3      | Reached XP level 5. HP: 41/41 MP: 5/5
  2499 | D:3      | Reached XP level 6. HP: 47/47 MP: 6/6
  3148 | D:4      | Reached skill level 4 in Ranged Weapons
  3322 | D:4      | Found a staircase to the Ecumenical Temple.
  3344 | Temple   | Entered the Ecumenical Temple
  3645 | D:4      | Found a runed translucent gate.
  3646 | D:4      | Found a runed translucent gate.
  3647 | D:4      | Found a runed translucent gate.
  3649 | D:4      | Noticed Mousus6's ghost (novice OnFE)
  3756 | D:4      | Reached skill level 5 in Ranged Weapons
  3756 | D:4      | Reached XP level 7. HP: 52/52 MP: 7/7
  4435 | D:5      | Entered Level 5 of the Dungeon
  4754 | D:5      | Reached skill level 6 in Ranged Weapons
  4866 | D:5      | Found an opulent altar of Gozag.
  4998 | D:5      | Reached XP level 8. HP: 37/60 MP: 8/8
  5120 | D:5      | Identified a scroll of acquirement
  5121 | D:5      | Acquired 644 gold pieces
  5177 | D:5      | Found a broken altar of Ashenzari.
  5740 | D:6      | Reached skill level 5 in Fighting
  6017 | D:6      | Reached skill level 7 in Ranged Weapons
  6868 | D:6      | Found an ancient bone altar of Kikubaaqudgha.
  7253 | D:6      | Reached XP level 9. HP: 9/71 MP: 9/9
  7256 | D:6      | HP: 3/71 [phantom (1)]
  7258 | D:6      | Slain by a phantom

Illustrated notes

Levels and vault maps discovered:
D:1:      erik_arrival_cave_to_civilisation [erik_arrival_cave_to_hall],
          layout_basic
D:2:      layout_basic, uniq_terence
D:3:      layout_basic, xom_butterflies, mainiacjoe_overflow_small_starburst,
          uniq_sigmund
D:4:      cheibrodos_thug_alley, layout_basic, minmay_temple_entry_antechambers,
          ebering_ghost_rock_garden, amethyst_killhole, serial_bayou_lagoon_b
D:5:      layout_loops_cross, lemuel_doored_altar, grunt_gozag_statues,
          minmay_misc_feat_more_columns
D:6:      layout_basic, lemuel_mausoleum_altar_kikubaaqudgha, minmay_ruffians
Temple:   dpeg_chambers_temple

Skill      XL: |  1  2  3  4  5  6  7  8 |
---------------+-------------------------+-----
Stealth        | 1 2 |  2.0
Fighting       | 3 4 6 |  6.6
Evocations     | 3 |  3.0
Ranged Weapons | 3 5 6 7 |  7.8
Armour         | |  1.5
Dodging        | |  0.7

Action                     |  1- 3 |  4- 6 |  7- 9 || total
---------------------------+-------+-------+-------++-------
  Melee: Club              |    46 |       |       ||    46
         Dagger            |    45 |   164 |    40 ||   249
         Punch             |     1 |     8 |     6 ||    15
   Fire: Orcbow            |       |       |   265 ||   265
  Throw: Stone             |     4 |     7 |     1 ||    12
         Dart              |       |       |     5 ||     5
  Evoke: Wand              |    14 |     6 |    12 ||    32
    Use: Scroll            |       |    10 |     6 ||    16
   Stab: Sleeping          |     5 |     1 |       ||     6
 Armour: Leather armour    |    50 |    76 |   198 ||   324
  Dodge: Dodged            |    56 |    71 |   165 ||   292

Table legend: (Time is in decaauts)
 A = Elapsed time spent in this place.
 B = Non-inter-level travel time spent in this place.
 C = Inter-level travel time spent in this place.
 D = Time resting spent in this place.
 E = Time spent auto-exploring this place.
 F = Levels seen in this place.
 G = Mean time per level.
                   A        B        C        D        E       F      G
               +--------+--------+--------+--------+--------+-----+--------+
         Total |   7259 |   7007 |    252 |    393 |   5292 |   7 | 1037.0 |
       Dungeon |   7233 |   6981 |    252 |    393 |   5268 |   6 | 1205.5 |
        Temple |     25 |     25 |      0 |      0 |     24 |   1 |   25.0 |
               +--------+--------+--------+--------+--------+-----+--------+

Top non-repeatable levels by time:
     D:6: 1969 daAuts
     D:1: 1464 daAuts
     D:4: 1445 daAuts
     D:5: 897 daAuts
     D:3: 763 daAuts
     D:2: 694 daAuts
  Temple: 25 daAuts
